ESL (28 & UNDER)
KINGSTON IGUANAS @ SPRINGFIELD SIMPSONS
05/20/2026
 
TOP OF THE 1ST
Kingston Iguanas batting - Pitching for Springfield Simpsons : RHP Don Wiggins
Pitching: RHP Don Wiggins
Batting: RHB Tim Davis 0-0: Ball
1-0: Foul Ball, location: 2F
1-1: Foul Ball, location: 2F
1-2: Ball
2-2: Foul Ball, location: 2F
2-2: Ball
3-2: DOUBLE (Line Drive, 9M)
Batting: LHB Juan Romero 0-0: Ball
1-0: Ball
2-0: Fly out, F8 (Flyball, 8LM)
Runner from 2nd tags up, SAFE at 3rd with throw
Batting: LHB Mike Godfrey 0-0: Called Strike
0-1: Fly out, F6 (Popup, 5)
Batting: LHB Bob Greene 0-0: Ball
1-0: Foul Ball, location: 2F
1-1: Ball
2-1: Fly out, F6 (Popup, 6D)
Top of the 1st over - 0 run(s), 1 hit(s), 0 error(s), 1 left on base; Kingston 0 - Springfield 0
BOTTOM OF THE 1ST
Springfield Simpsons batting - Pitching for Kingston Iguanas : RHP José Ramírez
Pitching: RHP José Ramírez
Batting: RHB Nick Harris 0-0: Ball
1-0: Foul Ball, location: 2F
1-1: Ground out 5-3 (Groundball, 5)
Batting: RHB Ken McDonald 0-0: Called Strike
0-1: Swinging Strike
0-2: Ball
1-2: Ball
2-2: Strikes out swinging
Batting: LHB Tony O'Bryan 0-0: Ball
1-0: Ball
2-0: Called Strike
2-1: Ball
3-1: Base on Balls
Batting: RHB Brant Sherman 0-0: Ball
1-0: Ball
2-0: Foul Ball, location: 2F
2-1: Swinging Strike
2-2: Strikes out swinging
Bottom of the 1st over - 0 run(s), 0 hit(s), 0 error(s), 1 left on base; Kingston 0 - Springfield 0
TOP OF THE 2ND
Kingston Iguanas batting - Pitching for Springfield Simpsons : RHP Don Wiggins
Batting: LHB Tom Young 0-0: Ball
1-0: Swinging Strike
1-1: Ball
2-1: Called Strike
2-2: Strikes out swinging, 2-3 out at first.
Batting: RHB Salvador Vega 0-0: Swinging Strike
0-1: Foul Ball, location: 2F
0-2: Foul Ball, location: 2F
0-2: Ball
1-2: Hit by Pitch
Batting: LHB Dave Gordon 0-0: Called Strike
0-1: Fly out, F7 (Line Drive, 78S)
Batting: RHB Bobby Armstrong 0-0: Ball
1-0: Ball
Salvador Vega steals 2nd base
2-0: Swinging Strike
2-1: SINGLE (Groundball, 56)
Salvador Vega to third
Runner from 3rd tries for Home, SAFE, no throw or cutoff
Batting: LHB Will Holt 0-0: Ball
1-0: Ball
2-0: Fly out, F6 (Line Drive, 6)
Top of the 2nd over - 1 run(s), 1 hit(s), 0 error(s), 1 left on base; Kingston 1 - Springfield 0
BOTTOM OF THE 2ND
Springfield Simpsons batting - Pitching for Kingston Iguanas : RHP José Ramírez
Batting: RHB Manny Ramírez 0-0: Ground out 6-3 (Groundball, 6M)
Batting: LHB Pedro Cerda 0-0: Ball
1-0: Swinging Strike
1-1: Ball
2-1: Ball
3-1: Called Strike
3-2: Base on Balls
Batting: SHB Jorge García 0-0: Ball
1-0: Hit by Pitch
Pedro Cerda to second
Batting: SHB José Cruz 0-0: Ball
1-0: Called Strike
1-1: Fielders Choice at 2nd, 5-4 (Groundball, 56)
Pedro Cerda to third
Batting: RHB Valentín Ramírez 0-0: Ball
1-0: Called Strike
1-1: Ball
2-1: Swinging Strike
2-2: Fly out, F8 (Flyball, 8RS)
Bottom of the 2nd over - 0 run(s), 0 hit(s), 0 error(s), 2 left on base; Kingston 1 - Springfield 0
TOP OF THE 3RD
Kingston Iguanas batting - Pitching for Springfield Simpsons : RHP Don Wiggins
Now at SS: Esteban Salas
Batting: RHB Tim Davis 0-0: Ball
1-0: Ball
2-0: Ball
3-0: Called Strike
3-1: Base on Balls
Batting: LHB Juan Romero 0-0: Ball
1-0: Called Strike
1-1: Ball
2-1: Grounds into double play, 1-6-3 (Groundball, 13S)
Batting: LHB Mike Godfrey 0-0: Foul Ball, location: 2F
0-1: SINGLE (Groundball, 56D) (infield hit)
Batting: LHB Bob Greene 0-0: Ball
1-0: Swinging Strike
1-1: Foul Ball, location: 2F
1-2: Strikes out swinging
Top of the 3rd over - 0 run(s), 1 hit(s), 0 error(s), 1 left on base; Kingston 1 - Springfield 0
BOTTOM OF THE 3RD
Springfield Simpsons batting - Pitching for Kingston Iguanas : RHP José Ramírez
Batting: RHB Nick Harris 0-0: Ball
1-0: Ball
2-0: Called Strike
2-1: Foul Ball, location: 2F
2-2: Strikes out swinging
Batting: RHB Ken McDonald 0-0: Swinging Strike
0-1: Ball
1-1: Swinging Strike
1-2: SINGLE (Line Drive, 56D)
Batting: LHB Tony O'Bryan 0-0: Ball
1-0: Ball
2-0: Called Strike
2-1: Ball
3-1: Foul Ball, location: 2F
3-2: Base on Balls
Ken McDonald to second
Batting: RHB Brant Sherman 0-0: Ball
1-0: Called Strike
1-1: Ball
2-1: Swinging Strike
2-2: Ground out 5-3 (Groundball, 15S)
Ken McDonald to third
Tony O'Bryan to second
Batting: RHB Manny Ramírez 0-0: Foul Ball, location: 2F
0-1: Swinging Strike
0-2: Ball
1-2: Strikes out swinging
Bottom of the 3rd over - 0 run(s), 1 hit(s), 0 error(s), 2 left on base; Kingston 1 - Springfield 0
TOP OF THE 4TH
Kingston Iguanas batting - Pitching for Springfield Simpsons : RHP Don Wiggins
Batting: LHB Tom Young 0-0: Ball
1-0: Ground out 4-3 (Groundball, 4)
Batting: RHB Salvador Vega 0-0: Called Strike
0-1: Bunt missed!
0-2: Foul Ball, location: 2F
0-2: Ball
1-2: Ball
2-2: Ball
3-2: Foul Ball, location: 2F
3-2: Base on Balls
Batting: LHB Dave Gordon 0-0: Ball
1-0: Foul Ball, location: 2F
1-1: Ball
2-1: Fly out, F8 (Flyball, 78D)
Batting: RHB Bobby Armstrong 0-0: Called Strike
0-1: Ball
1-1: Ball
2-1: Foul Ball, location: 2F
2-2: Reached on error, E5 (Groundball, 5)
Salvador Vega to second
Batting: LHB Will Holt 0-0: Ball
1-0: Ball
2-0: Called Strike
2-1: Fielders Choice at 2nd, U6 (Groundball, 6M)
Top of the 4th over - 0 run(s), 0 hit(s), 1 error(s), 2 left on base; Kingston 1 - Springfield 0
BOTTOM OF THE 4TH
Springfield Simpsons batting - Pitching for Kingston Iguanas : RHP José Ramírez
Batting: LHB Pedro Cerda 0-0: Swinging Strike
0-1: Ball
1-1: Called Strike
1-2: Ball
2-2: Ground out 4-3 (Groundball, 4)
Batting: RHB Esteban Salas 0-0: Called Strike
0-1: Swinging Strike
0-2: Ball
1-2: Foul Ball, location: 2F
1-2: Foul Ball, location: 2F
1-2: Ball
2-2: Foul Ball, location: 2F
2-2: Ball
3-2: Base on Balls
Batting: SHB José Cruz 0-0: Called Strike
0-1: Ball
1-1: Grounds into double play, 6-4-3 (Groundball, 6)
Bottom of the 4th over - 0 run(s), 0 hit(s), 0 error(s), 0 left on base; Kingston 1 - Springfield 0
TOP OF THE 5TH
Kingston Iguanas batting - Pitching for Springfield Simpsons : RHP Don Wiggins
Batting: RHB Tim Davis 0-0: Ball
1-0: Ground out 6-3 (Groundball, 6M)
Batting: LHB Juan Romero 0-0: Called Strike
0-1: Ball
1-1: Ground out U3 (Groundball, 3)
Batting: LHB Mike Godfrey 0-0: Ball
1-0: Ball
2-0: Ball
3-0: Called Strike
3-1: Ground out 6-3 (Groundball, 6)
Top of the 5th over - 0 run(s), 0 hit(s), 0 error(s), 0 left on base; Kingston 1 - Springfield 0
BOTTOM OF THE 5TH
Springfield Simpsons batting - Pitching for Kingston Iguanas : RHP José Ramírez
Batting: RHB Valentín Ramírez 0-0: SINGLE (Groundball, 56)
Batting: RHB Nick Harris 0-0: Called Strike
0-1: Ball
1-1: Foul Ball, location: 2F
1-2: Ball
2-2: Reached on Error, E9 (Line Drive, 89S)
Valentín Ramírez to second
Batting: RHB Ken McDonald 0-0: Ball
1-0: Grounds into double play, 4-6-3 (Groundball, 4)
Valentín Ramírez to third
Batting: LHB Tony O'Bryan 0-0: Called Strike
0-1: Swinging Strike
0-2: Ball
1-2: Foul Ball, location: 2F
1-2: SINGLE (Line Drive, 4MD)
Valentín Ramírez scores
Batting: RHB Brant Sherman 0-0: Ball
1-0: Ball
2-0: Ball
3-0: Called Strike
3-1: SINGLE (Line Drive, 6D)
Tony O'Bryan to second
Batting: RHB Manny Ramírez 0-0: Ball
1-0: Ball
Wild Pitch!
Tony O'Bryan to third
Brant Sherman to second
2-0: Ball
3-0: Base on Balls
Pitching: LHP Joe Hazelwood
Batting: LHB Pedro Cerda 0-0: Called Strike
0-1: Ball
1-1: Ball
2-1: Swinging Strike
2-2: Ground out 4-3 (Groundball, 4)
Bottom of the 5th over - 1 run(s), 3 hit(s), 1 error(s), 3 left on base; Kingston 1 - Springfield 1
TOP OF THE 6TH
Kingston Iguanas batting - Pitching for Springfield Simpsons : RHP Don Wiggins
Batting: LHB Bob Greene 0-0: Ball
1-0: Ball
2-0: Called Strike
2-1: Swinging Strike
2-2: Ball
3-2: Foul Ball, location: 2F
3-2: Foul Ball, location: 2F
3-2: Strikes out looking
Batting: LHB Tom Young 0-0: Foul Ball, location: 2F
0-1: Ball
1-1: Called Strike
1-2: Strikes out swinging
Batting: RHB Salvador Vega 0-0: Ball
1-0: Swinging Strike
1-1: Foul Ball, location: 2F
1-2: Ball
2-2: Ball
3-2: Base on Balls
Pitching: LHP Rubén Rico
Batting: LHB Dave Gordon 0-0: Called Strike
0-1: Foul Ball, location: 2F
0-2: Ball
Salvador Vega steals 2nd base
1-2: Ball
2-2: Strikes out swinging
Top of the 6th over - 0 run(s), 0 hit(s), 0 error(s), 1 left on base; Kingston 1 - Springfield 1
BOTTOM OF THE 6TH
Springfield Simpsons batting - Pitching for Kingston Iguanas : LHP Joe Hazelwood
Batting: RHB Esteban Salas 0-0: Ball
1-0: Ball
2-0: Called Strike
2-1: Ground out 4-3 (Groundball, 4M)
Batting: SHB José Cruz 0-0: Ball
1-0: Swinging Strike
1-1: Swinging Strike
1-2: Ball
2-2: Ball
3-2: Strikes out looking
Batting: RHB Valentín Ramírez 0-0: Ball
1-0: Ball
2-0: Ball
3-0: Base on Balls
Batting: RHB Nick Harris 0-0: Called Strike
0-1: SINGLE (Line Drive, 34D)
Valentín Ramírez to second
Batting: RHB Ken McDonald 0-0: Ball
1-0: Ball
2-0: Ball
3-0: Base on Balls
Valentín Ramírez to third
Nick Harris to second
Batting: LHB Tony O'Bryan 0-0: Called Strike
0-1: Foul Ball, location: 2F
0-2: Foul Ball, location: 2F
0-2: Foul Ball, location: 2F
0-2: Foul Ball, location: 2F
0-2: Strikes out swinging
Bottom of the 6th over - 0 run(s), 1 hit(s), 0 error(s), 3 left on base; Kingston 1 - Springfield 1
TOP OF THE 7TH
Kingston Iguanas batting - Pitching for Springfield Simpsons : LHP Rubén Rico
Pinch Hitting: RHB Luis Aguilar 0-0: Ball
1-0: Called Strike
1-1: Ball
2-1: Foul Ball, location: 2F
2-2: Ball
3-2: Strikes out swinging
Pinch Hitting: LHB Poto Vasilini 0-0: Ball
1-0: Foul Ball, location: 2F
1-1: Fly out, F6 (Popup, 5D)
Batting: RHB Tim Davis 0-0: Ball
1-0: Called Strike
1-1: Ball
2-1: DOUBLE (Flyball, 7D)
Pinch Hitting: RHB Soshu Nakamura 0-0: Foul Ball, location: 2F
0-1: Ball
1-1: Ground out 5-3 (Groundball, 56)
Top of the 7th over - 0 run(s), 1 hit(s), 0 error(s), 1 left on base; Kingston 1 - Springfield 1
BOTTOM OF THE 7TH
Springfield Simpsons batting - Pitching for Kingston Iguanas : LHP Joe Hazelwood
Now at 2B: Soshu Nakamura
Now at 3B: Ken MacDonald
Now at SS: Bill Crawley
Batting: RHB Brant Sherman 0-0: Called Strike
0-1: Ball
1-1: Ball
2-1: Ball
3-1: Fly out, F4 (Popup, 4MD)
Batting: RHB Manny Ramírez 0-0: Fly out, F8 (Flyball, 8LM)
Pitching: RHP Guo-fang Juan
Batting: LHB Pedro Cerda 0-0: Ball
1-0: Ball
2-0: Called Strike
2-1: Fly out, F9 (Line Drive, 9M)
Bottom of the 7th over - 0 run(s), 0 hit(s), 0 error(s), 0 left on base; Kingston 1 - Springfield 1
TOP OF THE 8TH
Kingston Iguanas batting - Pitching for Springfield Simpsons : LHP Rubén Rico
Batting: LHB Mike Godfrey 0-0: Called Strike
0-1: DOUBLE (Groundball, 5L)
Batting: LHB Bob Greene 0-0: Intentional Walk
Pitching: RHP Ryan Klein
Pinch Hitting: LHB Billy Anderson 0-0: Called Strike
0-1: Called Strike
0-2: Ball
1-2: Fielders Choice at 2nd, 3-6 (Groundball, 3)
Mike Godfrey to third
Batting: RHB Salvador Vega 0-0: Ball
1-0: Called Strike
1-1: SINGLE (Flyball, 9LS)
Mike Godfrey scores
Billy Anderson to second
Throwing error, E9
Billy Anderson scores
Salvador Vega to second
Batting: LHB Dave Gordon 0-0: Intentional Walk
Batting: RHB Ken MacDonald 0-0: Swinging Strike
0-1: SINGLE (Groundball, 6MD)
Salvador Vega to third
Dave Gordon to second
Runner from 3rd tries for Home, SAFE, no throw or cutoff
Batting: RHB Bill Crawley 0-0: Called Strike
0-1: Called Strike
0-2: Strikes out swinging
Batting: RHB Tim Davis 0-0: Fly out, F9 (Flyball, 9D)
Top of the 8th over - 3 run(s), 3 hit(s), 1 error(s), 2 left on base; Kingston 4 - Springfield 1
BOTTOM OF THE 8TH
Springfield Simpsons batting - Pitching for Kingston Iguanas : RHP Guo-fang Juan
Now in CF: Mike Johnson
Batting: RHB Esteban Salas 0-0: SINGLE (Groundball, 6MD)
Pitching: RHP Ron Jenkins
Batting: SHB José Cruz 0-0: Hit by Pitch
Esteban Salas to second
Batting: RHB Valentín Ramírez 0-0: Foul Ball, location: 2F
0-1: Foul Ball, location: 2F
0-2: Strikes out swinging
Batting: RHB Nick Harris 0-0: Swinging Strike
0-1: Ball
1-1: Ball
2-1: Ball
3-1: Foul Ball, location: 2F
3-2: Base on Balls
Esteban Salas to third
José Cruz to second
Batting: RHB Ken McDonald 0-0: Ball
1-0: Ball
2-0: Called Strike
2-1: Foul Ball, location: 2F
2-2: Ball
3-2: Hit by Pitch
Esteban Salas scores
José Cruz to third
Nick Harris to second
Batting: LHB Tony O'Bryan 0-0: Called Strike
0-1: Ball
1-1: Ball
2-1: Swinging Strike
2-2: Ball
3-2: Fielders Choice at 2nd, 3-6 (Groundball, 34)
José Cruz scores
Nick Harris to third
Batting: RHB Brant Sherman 0-0: Ball
1-0: Called Strike
1-1: Swinging Strike
1-2: Ball
2-2: Ball
3-2: 3-RUN HOME RUN (Flyball, 7D), Distance : 376 ft
Pitching: RHP Robert Alexander
Batting: RHB Manny Ramírez 0-0: SINGLE (Groundball, 56)
Batting: LHB Pedro Cerda 0-0: SINGLE (Line Drive, 4)
Manny Ramírez to second
Pinch Hitting: SHB Kevin Vickers 0-0: Ball
1-0: Ground out U3 (Groundball, 3S)
Bottom of the 8th over - 5 run(s), 4 hit(s), 0 error(s), 2 left on base; Kingston 4 - Springfield 6
TOP OF THE 9TH
Kingston Iguanas batting - Pitching for Springfield Simpsons : RHP Ryan Klein
Pitching: RHP Steve Snyder
Now at 2B: Kevin Vickers
Batting: RHB Soshu Nakamura 0-0: Called Strike
0-1: Ball
1-1: Called Strike
1-2: Strikes out swinging
Batting: LHB Mike Godfrey 0-0: Called Strike
0-1: Ball
1-1: Ball
2-1: Called Strike
2-2: Ball
3-2: Base on Balls
Batting: LHB Bob Greene 0-0: Foul Ball, location: 2F
0-1: Ball
1-1: Swinging Strike
1-2: Foul Ball, location: 2F
1-2: Ball
2-2: Foul Ball, location: 2F
2-2: Foul Ball, location: 2F
2-2: Foul Ball, location: 2F
2-2: Strikes out swinging
Pinch Hitting: RHB Diego Francisco 0-0: Ball
1-0: Swinging Strike
1-1: Called Strike
1-2: Foul Ball, location: 2F
1-2: Ball
2-2: Ball
3-2: Fly out, F8 (Flyball, 8LXD)
Top of the 9th over - 0 run(s), 0 hit(s), 0 error(s), 1 left on base; Kingston 4 - Springfield 6
Monday, December 5th, 2016 - OOTP Baseball 17.12 Build 75